 Dungeon Crawl Stone Soup version 0.31.0-12-g77e489cdc1 (webtiles) character file.

Game seed: 12716972801473455551

242 Killerpretzel the Changeling (level 6, -3/61 HPs)
             Began as an Octopode Shapeshifter on Mar 1, 2024.
             Killed from afar by Dowan (9 damage)
             ... with a shard of ice
             ... on level 4 of the Dungeon.
             The game lasted 00:03:42 (2798 turns).

Killerpretzel the Changeling (OpSh)                 Turns: 2798, Time: 00:03:42

Health: -3/61      AC: 23    Str: 13    XL:     6   Next: 9%
Magic:  6/6        EV:  2    Int: 13    God:
Gold:   127        SH:  0    Dex: 19    Spells: 5/5 levels left

rFire   + . .        l - +4 spear "Jeqif" {flame, *Rage rElec rC+}
rCold   + + .        (no shield)
rNeg    . . .        (helmet currently unavailable)
rPois   +            (no amulet)
rElec   +            i - ring of protection from cold
rCorr   .            f - ring of protection from fire
SInv    .            h - +6 ring of dexterity
Will    .....        (no ring)
Stlth   ++           (no ring)
HPRegen 0.30/turn    (no ring)
MPRegen 0.10/turn    (no ring)
                     (no ring)

%: random rage (20%)
@: tree-form (expiring), on berserk cooldown, slowed, very slow
A: stationary, stasis, torment immunity, boosted hp, almost no armour,
(amphibious), 8 rings, (camouflage 1), (gelatinous body 1), (nimble swimmer 1),
(tentacles)
a: no special abilities


You were on level 4 of the Dungeon.
You were a tree.
You visited 1 branch of the dungeon, and saw 4 of its levels.

You collected 127 gold pieces.

Inventory:

Hand Weapons
 l - the +4 spear "Jeqif" (weapon) {flame, *Rage rElec rC+}
   (You found it on level 3 of the Dungeon)

   rC+:       It protects you from cold.
   rElec:     It insulates you from electricity.
   *Rage:     It berserks you when you make melee attacks (+20% chance).
Missiles
 o - a throwing net
 q - 4 javelins (quivered)
Jewellery
 f - a ring of protection from fire (right branch)
 h - a +6 ring of dexterity (on tentacle)
 i - a ring of protection from cold (left branch)
Talismans
 b - a beast talisman
 c - a flux talisman
Scrolls
 j - a scroll of vulnerability {unknown}
 k - 2 scrolls of teleportation {unknown}
 m - a scroll of summoning
 n - a scroll of fear {unknown}
 p - a scroll of enchant weapon {unknown}
Potions
 d - a potion of resistance {unknown}
 e - 2 potions of brilliance {unknown}
 g - 2 potions of ambrosia


   Skills:
 + Level 2.6 Fighting
 + Level 3.2 Dodging
 + Level 3.9 Unarmed Combat
 * Level 4.5 Shapeshifting


You had 5 spell levels left.
You didn't know any spells.
Your spell library contained the following spells:

 Spells                   Type           Power      Damage    Failure   Level
 Magic Dart               Conj           0%         1d3       30%         1
 Summon Small Mammal      Summ           0%         N/A       30%         1
 Blink                    Tloc           0%         N/A       43%         2
 Call Imp                 Summ           0%         N/A       43%         2
 Searing Ray              Conj           0%         2d4       43%         2
 Call Canine Familiar     Summ           0%         N/A       67%         3
 Dazzling Flash           Conj/Hex       0%         N/A       67%         3
 Volatile Blastmotes      Fire/Tloc      0%         2d10      67%         3
 Fulminant Prism          Conj/Alch      0%         3d5       97%         4
 Summon Blazeheart Golem  Fire/Summ      0%         N/A       97%         4
 Starburst                Conj/Fire      0%         6d3       100%        6
 Maxwell's Capacitive Co  Air            0%         ∞         100%        8


Dungeon Overview and Level Annotations

Branches:
Dungeon (4/15)
 Temple: D:4-7

Altars:
Xom

Annotations:
D:4 Dowan


Innate Abilities, Weirdness & Mutations

You are a tree.
Your roots penetrate the ground, keeping you stationary.
You cannot be teleported.
You are immune to unholy pain and torment.
Your maximum health is greatly increased.
You cannot wear most types of armour.
((You are amphibious.))
You can wear up to eight rings at the same time.
((Your skin changes colour to match your surroundings (Stealth+).))
((Your rubbery body absorbs attacks. (AC +1, EV +1)))
((You are camouflaged when in or above water. (Stealth+)))
((You have tentacles for arms and can constrict up to eight enemies at once.))


Message History

Duvessa is almost dead.
Duvessa hits you but does no damage.
Dowan mumbles some strange words.
Dowan blinks!
You hit Duvessa. You burn Duvessa.
You kill Duvessa!
You hear a distant wail of despair.
Your Dodging skill increases to level 3!
You have reached level 6!
You hit the endoplasm. You burn the endoplasm.
You kill the endoplasm!
Dowan seems to find hidden reserves of power!
You feel a strong urge to attack something.
You are no longer berserk.
You are exhausted.
You feel yourself slow down.
Your transformation is almost over.
Dowan casts a spell at you. The shard of ice hits you. You partially resist.
Dowan mumbles some strange words.
Dowan blinks!
You hit Dowan. You burn Dowan.
Dowan is moderately wounded.
Dowan hits you with a +0 dagger. Dowan hits you but does no damage.
You closely miss Dowan.
Dowan is moderately wounded.
You are no longer glowing.
Dowan hits you with a +0 dagger.
* * * LOW HITPOINT WARNING * * *
Dowan hits you but does no damage. x2
You hit Dowan. You burn Dowan.
Dowan is heavily wounded.
Dowan casts a spell at you. The shard of ice hits you! You partially resist.
* * * LOW HITPOINT WARNING * * *
Dowan gestures wildly while chanting.
Dowan blinks!
Dowan points at you and mumbles some strange words.
The shard of ice hits you! You partially resist.
You die...

..<.##.....###.........>
.##...†...^.............
.#...........##.?.....#
............## .......#.
............## .<.......
.............###...e....
........................
...............§.....#.#
.............###♣.......
...#.........#.$.##..#.#
..##.....#....#.# ....
##.####...#### .## ##
##.## # ###


You could see Dowan (fast).

Vanquished Creatures
  Duvessa (D:4)
  2 jellies (D:3)
  An ufetubus (D:4)
  2 dart slugs
  2 ribbon worms
  2 orcs (D:4)
  8 endoplasms
  4 giant cockroaches
  6 goblins
  5 hobgoblins
  7 jackals
  6 kobolds
  A quokka (D:2)
  3 ball pythons
  4 bats
  5 frilled lizards
  7 rats
66 creatures vanquished.

Notes
Turn   | Place    | Note
-------+----------+-------------------------------------------
     0 | D:1      | Killerpretzel the Octopode Shapeshifter began the quest for
                  | the Orb.
     0 | D:1      | Reached XP level 1. HP: 13/13 MP: 1/1
   109 | D:1      | Reached XP level 2. HP: 17/18 MP: 2/2
   780 | D:2      | Reached XP level 3. HP: 23/23 MP: 3/3
  2019 | D:3      | Reached XP level 4. HP: 29/29 MP: 4/4
  2095 | D:3      | Found a faded altar of an unknown god.
  2144 | D:3      | Found a shimmering altar of Xom.
  2158 | D:3      | Identified the +4 spear "Jeqif" {flame, *Rage rElec rC+}
  2482 | D:3      | Reached skill level 4 in Shapeshifting
  2482 | D:3      | Reached XP level 5. HP: 19/34 MP: 5/5
  2764 | D:4      | Noticed Dowan
  2765 | D:4      | Noticed Duvessa
  2788 | D:4      | Killed Duvessa
  2789 | D:4      | Reached XP level 6. HP: 27/41 MP: 6/6
  2798 | D:4      | Killed from afar by Dowan

Illustrated notes

Levels and vault maps discovered:
D:1:      dpeg_arrival_solitude, layout_basic, serial_forest,
          infiniplex_forest_lined_room_, infiniplex_forest_end_2,
          infiniplex_forest_diagonal, infiniplex_forest_3_way
D:2:      minmay_chambers_of_ones, layout_basic, kennysheep_generic_room_13
D:3:      layout_basic, dk_xom_monty_hall,
          shapermc_ecumenical_altar_mp_urbaneastern
D:4:      nicolae_cairo_tiling, layout_cave_pools, old_standard_altar,
          serial_glass, glass_columns_a, glass_columns_b, glass_columns_a,
          glass_columns_a, minmay_rat_hole, uniq_pikel, uniq_duvessa

Skill      XL: |  1  2  3  4  5 |
---------------+----------------+-----
Fighting       | 2 |  2.6
Shapeshifting  | 4 |  4.5
Dodging        | 3 |  3.2
Unarmed Combat | |  3.9

Action                     |  1- 3 |  4- 6 || total
---------------------------+-------+-------++-------
  Melee: Unarmed           |    75 |    19 ||    94
         Constrict         |    19 |     4 ||    23
         Tentacles         |    13 |     4 ||    17
         Punch             |     4 |       ||     4
         Spear             |       |    34 ||    34
    Use: Scroll            |     5 |       ||     5
         Potion            |       |     1 ||     1
   Stab: Sleeping          |    16 |     4 ||    20
         Distracted        |       |     1 ||     1
 Armour: Skin              |    17 |    54 ||    71
  Dodge: Dodged            |    28 |    17 ||    45
